TOP OF THE 1ST |
San Jose Giants batting - Pitching for Harrisburg Senators : RHP Jason Beck
|
Pitching: RHP Jason Beck
|
|
Batting: RHB Frank Pena
|
0-0: Ground out 6-3 (Groundball, P, EV 85.0 MPH)
|
Batting: LHB Steve Nevis
|
0-0: Called Strike 0-1: Ball 1-1: Fly out, F9 (Flyball, 9, EV 85.6 MPH)
|
Batting: LHB Mike Roberts
|
0-0: Ball 1-0: Foul Ball, location: 2F 1-1: Ball 2-1: Called Strike 2-2: Foul Ball, location: 2F 2-2: Ball 3-2: Foul Ball, location: 2F 3-2: Strikes out swinging
|
Top of the 1st over - 0 runs, 0 hits, 0 errors, 0 left on base; San Jose 0 - Harrisburg 0 |
BOTTOM OF THE 1ST |
Harrisburg Senators batting - Pitching for San Jose Giants : RHP Sergio Silva
|
Pitching: RHP Sergio Silva
|
|
Batting: LHB Evan Oliveri
|
0-0: Ground out 4-3 (Groundball, 34, EV 100.6 MPH)
|
Batting: RHB Kevin Wick
|
0-0: Foul Ball, location: 2F 0-1: Swinging Strike 0-2: Ball 1-2: Ground out 5-3 (Groundball, 56, EV 90.0 MPH)
|
Batting: RHB Antonio Morado
|
0-0: DOUBLE (Flyball, 8LXD, EV 103.8 MPH)
|
Batting: RHB Slavik Nebrodov
|
0-0: Called Strike 0-1: Swinging Strike 0-2: Ball 1-2: Fly out, F9 (Line Drive, 9, EV 107.5 MPH)
|
Bottom of the 1st over - 0 runs, 1 hit, 0 errors, 1 left on base; San Jose 0 - Harrisburg 0 |
TOP OF THE 2ND |
San Jose Giants batting - Pitching for Harrisburg Senators : RHP Jason Beck
|
Batting: RHB Coen Dirks
|
0-0: Ball 1-0: Swinging Strike 1-1: Ground out 6-3 (Groundball, 6, EV 80.6 MPH)
|
Batting: LHB Gil Caraveo
|
0-0: Ball 1-0: Fly out, F8 (Flyball, 8LS, EV 91.9 MPH)
|
Batting: SHB Zack Barton
|
0-0: Called Strike 0-1: Ground out U3 (Groundball, 3, EV 89.4 MPH)
|
Top of the 2nd over - 0 runs, 0 hits, 0 errors, 0 left on base; San Jose 0 - Harrisburg 0 |
BOTTOM OF THE 2ND |
Harrisburg Senators batting - Pitching for San Jose Giants : RHP Sergio Silva
|
Batting: RHB Nick Moreno
|
0-0: Called Strike 0-1: Ball 1-1: Ball 2-1: Called Strike 2-2: Foul Ball, location: 2F 2-2: Foul Ball, location: 2F 2-2: Hit by Pitch
|
Batting: RHB Bryan Wheeler
|
0-0: Swinging Strike 0-1: Ball 1-1: Ball 2-1: Fly out, F8 (Flyball, 8LXD, EV 100.6 MPH)
|
Batting: RHB Ben Welt
|
0-0: SINGLE (Groundball, 34D, EV 102.5 MPH) Nick Moreno to second Runner from 2nd tries for 3rd, SAFE, throw by RF made to third
|
Batting: RHB Pat Drader
|
0-0: Ball 1-0: Called Strike 1-1: Foul Ball, location: 2F 1-2: Ball 2-2: Foul Ball, location: 2F 2-2: SINGLE (Line Drive, 8LS, EV 104.4 MPH) Nick Moreno scores Ben Welt to second
|
Batting: RHB Victor Cintron
|
0-0: Ball 1-0: Foul Ball, location: 2F 1-1: Called Strike 1-2: Foul Ball, location: 2F 1-2: Ball 2-2: Ball 3-2: Foul Ball, location: 2F 3-2: Fly out, F7 (Line Drive, 7D, EV 90.0 MPH)
|
Batting: LHB Evan Oliveri
|
0-0: Ball 1-0: Foul Ball, location: 2F 1-1: Swinging Strike 1-2: Ball 2-2: Ball 3-2: Fly out, F8 (Flyball, 8RS, EV 83.1 MPH)
|
Bottom of the 2nd over - 1 run, 2 hits, 0 errors, 2 left on base; San Jose 0 - Harrisburg 1 |
TOP OF THE 3RD |
San Jose Giants batting - Pitching for Harrisburg Senators : RHP Jason Beck
|
Batting: LHB Joe Hoover
|
0-0: Ball 1-0: Foul Ball, location: 2F 1-1: Ground out U3 (Groundball, 3, EV 85.0 MPH)
|
Batting: RHB Teruhide Horiuchi
|
0-0: Ball 1-0: Ball 2-0: Called Strike 2-1: SINGLE (Groundball, 56S, EV 72.5 MPH) (infield hit)
|
Batting: RHB Ruben Irizarry
|
0-0: Swinging Strike 0-1: Ground out 4-3 (Groundball, 34, EV 85.6 MPH) Teruhide Horiuchi to second
|
Batting: RHB Frank Pena
|
0-0: Called Strike 0-1: Foul Ball, location: 2F 0-2: Foul Ball, location: 2F 0-2: Ball 1-2: TRIPLE (Flyball, 9D, EV 92.5 MPH) Teruhide Horiuchi scores
|
Batting: LHB Steve Nevis
|
0-0: Ball 1-0: Ball 2-0: Swinging Strike 2-1: SINGLE (Flyball, 3D, EV 89.4 MPH) Frank Pena scores
|
Batting: LHB Mike Roberts
|
0-0: Ball Steve Nevis steals 2nd base 1-0: Ball 2-0: TRIPLE (Flyball, 89XD, EV 108.1 MPH) Steve Nevis scores
|
Batting: RHB Coen Dirks
|
0-0: Ball 1-0: Ground out 4-3 (Groundball, 4, EV 81.9 MPH)
|
Top of the 3rd over - 3 runs, 4 hits, 0 errors, 1 left on base; San Jose 3 - Harrisburg 1 |
BOTTOM OF THE 3RD |
Harrisburg Senators batting - Pitching for San Jose Giants : RHP Sergio Silva
|
Batting: RHB Kevin Wick
|
0-0: Swinging Strike 0-1: Foul Ball, location: 2F 0-2: Fly out, F5 (Line Drive, 5L, EV 66.9 MPH)
|
Batting: RHB Antonio Morado
|
0-0: Ball 1-0: Swinging Strike 1-1: Ball 2-1: Ball 3-1: Base on Balls
|
Batting: RHB Slavik Nebrodov
|
0-0: Ball Antonio Morado steals 2nd base 1-0: Ball 2-0: Ball 3-0: Called Strike 3-1: Base on Balls
|
Batting: RHB Nick Moreno
|
0-0: Hit by Pitch Antonio Morado to third Slavik Nebrodov to second
|
Batting: RHB Bryan Wheeler
|
0-0: Foul Ball, location: 2F 0-1: Foul Ball, location: 2F 0-2: Ball 1-2: Foul Ball, location: 2F 1-2: Ball 2-2: Ball 3-2: DOUBLE (Groundball, 3L, EV 102.5 MPH) Antonio Morado scores Slavik Nebrodov scores Nick Moreno to third Runner from 3rd tries for Home, SAFE, no throw by RF
|
Batting: RHB Ben Welt
|
0-0: SINGLE (Groundball, 56S, EV 62.5 MPH) (infield hit) Bryan Wheeler to third
|
Batting: RHB Pat Drader
|
0-0: Ball 1-0: Grounds into double play, 6-4-3 (Groundball, 6, EV 88.8 MPH)
|
Bottom of the 3rd over - 3 runs, 2 hits, 0 errors, 1 left on base; San Jose 3 - Harrisburg 4 |
TOP OF THE 4TH |
San Jose Giants batting - Pitching for Harrisburg Senators : RHP Jason Beck
|
Batting: LHB Gil Caraveo
|
0-0: Swinging Strike 0-1: Ball 1-1: Ground out 1-3 (Groundball, 15S, EV 73.1 MPH)
|
Batting: SHB Zack Barton
|
0-0: Called Strike 0-1: Ground out U3 (Groundball, 3S, EV 78.8 MPH)
|
Batting: LHB Joe Hoover
|
0-0: Ball 1-0: Called Strike 1-1: Ball 2-1: Ground out U3 (Groundball, 3, EV 97.5 MPH)
|
Top of the 4th over - 0 runs, 0 hits, 0 errors, 0 left on base; San Jose 3 - Harrisburg 4 |
BOTTOM OF THE 4TH |
Harrisburg Senators batting - Pitching for San Jose Giants : RHP Sergio Silva
|
Batting: RHB Victor Cintron
|
0-0: Ball 1-0: Ground out 5-3 (Groundball, 56, EV 100.6 MPH)
|
Batting: LHB Evan Oliveri
|
0-0: Fly out, F8 (Flyball, 8RD, EV 105.6 MPH)
|
Batting: RHB Kevin Wick
|
0-0: Ball 1-0: Ball 2-0: Ground out 4-3 (Groundball, 4M, EV 105.0 MPH)
|
Bottom of the 4th over - 0 runs, 0 hits, 0 errors, 0 left on base; San Jose 3 - Harrisburg 4 |
TOP OF THE 5TH |
San Jose Giants batting - Pitching for Harrisburg Senators : RHP Jason Beck
|
Batting: RHB Teruhide Horiuchi
|
0-0: Ball 1-0: Ground out U3 (Groundball, 34, EV 107.5 MPH)
|
Batting: RHB Ruben Irizarry
|
0-0: Foul Ball, location: 2F 0-1: Called Strike 0-2: Ball 1-2: Strikes out looking
|
Batting: RHB Frank Pena
|
0-0: Ground out 5-3 (Groundball, 56, EV 93.1 MPH)
|
Top of the 5th over - 0 runs, 0 hits, 0 errors, 0 left on base; San Jose 3 - Harrisburg 4 |
BOTTOM OF THE 5TH |
Harrisburg Senators batting - Pitching for San Jose Giants : RHP Sergio Silva
|
Batting: RHB Antonio Morado
|
0-0: Called Strike 0-1: Fly out, F8 (Flyball, 89XD, EV 79.4 MPH)
|
Batting: RHB Slavik Nebrodov
|
0-0: Ball 1-0: Ball 2-0: Foul Ball, location: 2F 2-1: Foul Ball, location: 2F 2-2: Ball 3-2: Strikes out looking
|
Pitching: RHP Peter Ellis
|
|
Batting: RHB Nick Moreno
|
0-0: Ball 1-0: Ball 2-0: Foul Ball, location: 2F 2-1: Hit by Pitch
|
Batting: RHB Bryan Wheeler
|
0-0: Foul Ball, location: 2F 0-1: Ball 1-1: Ball 2-1: Ball 3-1: Base on Balls Nick Moreno to second
|
Batting: RHB Ben Welt
|
0-0: Ball 1-0: Foul Ball, location: 2F 1-1: Swinging Strike 1-2: Strikes out looking
|
Bottom of the 5th over - 0 runs, 0 hits, 0 errors, 2 left on base; San Jose 3 - Harrisburg 4 |
TOP OF THE 6TH |
San Jose Giants batting - Pitching for Harrisburg Senators : RHP Jason Beck
|
Batting: LHB Steve Nevis
|
0-0: Ball 1-0: Called Strike 1-1: Ball 2-1: Fly out, F8 (Flyball, 8LD, EV 92.5 MPH)
|
Batting: LHB Mike Roberts
|
0-0: Fly out, F9 (Line Drive, 89M, EV 88.8 MPH)
|
Batting: RHB Coen Dirks
|
0-0: Called Strike 0-1: Ball 1-1: Called Strike 1-2: Ball 2-2: Strikes out looking
|
Top of the 6th over - 0 runs, 0 hits, 0 errors, 0 left on base; San Jose 3 - Harrisburg 4 |
BOTTOM OF THE 6TH |
Harrisburg Senators batting - Pitching for San Jose Giants : RHP Peter Ellis
|
Batting: RHB Pat Drader
|
0-0: Ball 1-0: Ball 2-0: Foul Ball, location: 2F 2-1: Ball 3-1: Called Strike 3-2: Foul Ball, location: 2F 3-2: Foul Ball, location: 2F 3-2: Ground out 4-3 (Groundball, 4, EV 79.4 MPH)
|
Batting: RHB Victor Cintron
|
0-0: Ball 1-0: Ground out 6-3 (Groundball, 6, EV 77.5 MPH)
|
Pitching: RHP Mike Flynn
|
|
Batting: LHB Evan Oliveri
|
0-0: Ball 1-0: Called Strike 1-1: Ground out 4-3 (Groundball, 4, EV 91.2 MPH)
|
Bottom of the 6th over - 0 runs, 0 hits, 0 errors, 0 left on base; San Jose 3 - Harrisburg 4 |
TOP OF THE 7TH |
San Jose Giants batting - Pitching for Harrisburg Senators : RHP Jason Beck
|
Batting: LHB Gil Caraveo
|
0-0: Foul Ball, location: 2F 0-1: Swinging Strike 0-2: Ball 1-2: Foul Ball, location: 2F 1-2: Foul Ball, location: 2F 1-2: Ground out 5-3 (Groundball, 56S, EV 88.1 MPH)
|
Batting: SHB Zack Barton
|
0-0: Ground out 6-3 (Groundball, 6, EV 102.5 MPH)
|
Batting: LHB Joe Hoover
|
0-0: Ball 1-0: Called Strike 1-1: DOUBLE (Flyball, 78D, EV 103.1 MPH)
|
Pinch Hitting: LHB Mason Duffy
|
0-0: Ball 1-0: Ball 2-0: Swinging Strike 2-1: Ball 3-1: Base on Balls
|
Batting: RHB Ruben Irizarry
|
0-0: Called Strike 0-1: Ball 1-1: Called Strike 1-2: Foul Ball, location: 2F 1-2: Ball 2-2: Ball 3-2: Strikes out looking
|
Top of the 7th over - 0 runs, 1 hit, 0 errors, 2 left on base; San Jose 3 - Harrisburg 4 |
BOTTOM OF THE 7TH |
Harrisburg Senators batting - Pitching for San Jose Giants : RHP Mike Flynn
|
Now at SS: Gary Sampson
|
|
Batting: RHB Kevin Wick
|
0-0: Called Strike 0-1: Hit by Pitch
|
Batting: RHB Antonio Morado
|
0-0: Called Strike 0-1: Hit by Pitch Kevin Wick to second
|
Batting: RHB Slavik Nebrodov
|
0-0: Foul Ball, location: 2F 0-1: Ball 1-1: Ball 2-1: Fly out, F7 (Flyball, 7D, EV 82.5 MPH) Runner from 2nd tags up, SAFE at 3rd, no throw by LF
|
Batting: RHB Nick Moreno
|
0-0: Ball Antonio Morado steals 2nd base 1-0: Ball 2-0: Ball 3-0: Base on Balls
|
Batting: RHB Bryan Wheeler
|
0-0: Ball 1-0: Foul Ball, location: 2F 1-1: Swinging Strike 1-2: Ball 2-2: Strikes out swinging
|
Pitching: LHP Jimmy Heinecke
|
|
Batting: RHB Ben Welt
|
0-0: Ball 1-0: Ball 2-0: Foul Ball, location: 2F 2-1: Called Strike 2-2: Foul Ball, location: 2F 2-2: Ball 3-2: Ground out 6-3 (Groundball, 6, EV 100.6 MPH)
|
Bottom of the 7th over - 0 runs, 0 hits, 0 errors, 3 left on base; San Jose 3 - Harrisburg 4 |
TOP OF THE 8TH |
San Jose Giants batting - Pitching for Harrisburg Senators : RHP Jason Beck
|
Batting: RHB Frank Pena
|
0-0: Ball 1-0: Swinging Strike 1-1: Ground out 6-3 (Groundball, 6MS, EV 65.0 MPH)
|
Batting: LHB Steve Nevis
|
0-0: Foul Ball, location: 2F 0-1: Ball 1-1: Ball 2-1: Swinging Strike 2-2: Ball 3-2: Foul Ball, location: 2F 3-2: Base on Balls
|
Pitching: LHP Anton Erlykov
|
|
Batting: RHB Zach Maguire
|
0-0: Ball 1-0: Called Strike 1-1: Called Strike 1-2: Fielders Choice at 2nd, 6-4 (Groundball, 6, EV 102.5 MPH)
|
Batting: RHB Coen Dirks
|
0-0: Called Strike 0-1: Ball 1-1: Ball 2-1: Fly out, F8 (Flyball, 8LXD, EV 98.1 MPH)
|
Top of the 8th over - 0 runs, 0 hits, 0 errors, 1 left on base; San Jose 3 - Harrisburg 4 |
BOTTOM OF THE 8TH |
Harrisburg Senators batting - Pitching for San Jose Giants : LHP Jimmy Heinecke
|
Batting: RHB Pat Drader
|
0-0: Ball 1-0: Ball 2-0: Ball 3-0: Base on Balls
|
Batting: RHB Victor Cintron
|
0-0: Bunted foul 0-1: Ball 1-1: Bunted foul 1-2: Ground out 4-3 (Groundball, 34, EV 105.0 MPH) Pat Drader to second
|
Batting: LHB Evan Oliveri
|
0-0: Fly out, F9 (Flyball, 89S, EV 88.1 MPH)
|
Batting: RHB Kevin Wick
|
0-0: Swinging Strike 0-1: Ball 1-1: Foul Ball, location: 2F 1-2: Strikes out swinging
|
Bottom of the 8th over - 0 runs, 0 hits, 0 errors, 1 left on base; San Jose 3 - Harrisburg 4 |
TOP OF THE 9TH |
San Jose Giants batting - Pitching for Harrisburg Senators : LHP Anton Erlykov
|
Pitching: RHP Chris Doty
|
|
Batting: LHB Gil Caraveo
|
0-0: Ball 1-0: Foul Ball, location: 2F 1-1: Ball 2-1: Ball 3-1: Called Strike 3-2: Fly out, F6 (Popup, 6S, EV 76.9 MPH)
|
Batting: SHB Zack Barton
|
0-0: Swinging Strike 0-1: Foul Ball, location: 2F 0-2: Strikes out swinging
|
Batting: LHB Joe Hoover
|
0-0: Foul Ball, location: 2F 0-1: Ball 1-1: Foul Ball, location: 2F 1-2: Foul Ball, location: 2F 1-2: Strikes out looking
|
Top of the 9th over - 0 runs, 0 hits, 0 errors, 0 left on base; San Jose 3 - Harrisburg 4 |
|